| TOP OF THE 1ST |
|
Americus Braves batting - Pitching for Palm Beach Nationals : LHP Danny Juarez
|
|
Pitching: LHP Danny Juarez
|
|
|
Batting: RHB Alex Guerra
|
0-0: Ball 1-0: Foul Ball, location: 2F 1-1: Fly out, F5 (Line Drive, 5L, EV 76.2 MPH)
|
|
Batting: RHB Ryan Cole
|
0-0: Ball 1-0: Fly out, F8 (Flyball, 8LD, EV 79.4 MPH)
|
|
Batting: RHB Scott Hansen
|
0-0: Ball 1-0: Ball 2-0: Foul Ball, location: 2F 2-1: Swinging Strike 2-2: Strikes out looking
|
| Top of the 1st over - 0 runs, 0 hits, 0 errors, 0 left on base; Americus 0 - Palm Beach 0 |
| BOTTOM OF THE 1ST |
|
Palm Beach Nationals batting - Pitching for Americus Braves : RHP Alfredo Villamar
|
|
Pitching: RHP Alfredo Villamar
|
|
|
Batting: RHB Victor Rojas
|
0-0: SINGLE (Groundball, 34S, EV 85.0 MPH) (infield hit)
|
|
Batting: RHB Alex Martinez
|
0-0: Foul Ball, location: 2F 0-1: Foul Ball, location: 2F 0-2: Ball 1-2: Grounds into double play, 5-4-3 (Groundball, 56S, EV 81.2 MPH)
|
|
Batting: RHB Rudolph Lentz
|
0-0: Foul Ball, location: 2F 0-1: Ball 1-1: Ball 2-1: Ball 3-1: Called Strike 3-2: Strikes out looking
|
| Bottom of the 1st over - 0 runs, 1 hit, 0 errors, 0 left on base; Americus 0 - Palm Beach 0 |
| TOP OF THE 2ND |
|
Americus Braves batting - Pitching for Palm Beach Nationals : LHP Danny Juarez
|
|
Batting: RHB Wilson Salgado
|
0-0: Fly out, F8 (Flyball, 8LXD, EV 105.0 MPH)
|
|
Batting: RHB Jose Hurtado
|
0-0: Foul Ball, location: 2F 0-1: Ball 1-1: Foul Ball, location: 2F 1-2: Fly out, F7 (Flyball, 7D, EV 83.1 MPH)
|
|
Batting: RHB Juan Gonzalez
|
0-0: Called Strike 0-1: Called Strike 0-2: Ball 1-2: Ball 2-2: SINGLE (Groundball, 6, EV 96.9 MPH)
|
|
Batting: RHB Josh Maxwell
|
0-0: Foul Ball, location: 2F 0-1: Swinging Strike 0-2: Ball 1-2: Strikes out looking
|
| Top of the 2nd over - 0 runs, 1 hit, 0 errors, 1 left on base; Americus 0 - Palm Beach 0 |
| BOTTOM OF THE 2ND |
|
Palm Beach Nationals batting - Pitching for Americus Braves : RHP Alfredo Villamar
|
|
Batting: RHB Kenny Ball
|
0-0: SINGLE (Line Drive, 4D, EV 98.1 MPH)
|
|
Batting: RHB Jorge Torres
|
0-0: Ball 1-0: Ball 2-0: Swinging Strike 2-1: Ball 3-1: Swinging Strike 3-2: Strikes out swinging
|
|
Batting: LHB Tony Olvera
|
0-0: Fly out, F8 (Line Drive, 8RD, EV 90.6 MPH)
|
|
Batting: LHB Dusty Jones
|
0-0: Swinging Strike 0-1: Ball 1-1: Ball 2-1: Foul Ball, location: 2F 2-2: Strikes out swinging
|
| Bottom of the 2nd over - 0 runs, 1 hit, 0 errors, 1 left on base; Americus 0 - Palm Beach 0 |
| TOP OF THE 3RD |
|
Americus Braves batting - Pitching for Palm Beach Nationals : LHP Danny Juarez
|
|
Batting: RHB Juan Barela
|
0-0: Foul Ball, location: 2F 0-1: Ball 1-1: Ball 2-1: Ball 3-1: Ground out 5-3 (Groundball, 56, EV 98.8 MPH)
|
|
Batting: RHB Chris Foss
|
0-0: Swinging Strike 0-1: Foul Ball, location: 2F 0-2: Strikes out swinging
|
|
Batting: RHB Alex Guerra
|
0-0: Called Strike 0-1: Ball 1-1: Ball 2-1: Foul Ball, location: 2F 2-2: Ball 3-2: Foul Ball, location: 2F 3-2: Base on Balls
|
|
Batting: RHB Ryan Cole
|
0-0: Ball 1-0: Fly out, F3 (Popup, 3SF, EV 74.4 MPH)
|
| Top of the 3rd over - 0 runs, 0 hits, 0 errors, 1 left on base; Americus 0 - Palm Beach 0 |
| BOTTOM OF THE 3RD |
|
Palm Beach Nationals batting - Pitching for Americus Braves : RHP Alfredo Villamar
|
|
Batting: RHB Jess Thomas
|
0-0: Called Strike 0-1: Swinging Strike 0-2: Ball 1-2: Strikes out swinging
|
|
Batting: RHB Franklin Ortega
|
0-0: Foul Ball, location: 2F 0-1: Ball 1-1: Foul Ball, location: 2F 1-2: SINGLE (Groundball, 56, EV 105.6 MPH)
|
|
Batting: RHB Victor Rojas
|
0-0: Fly out, F8 (Line Drive, 89D, EV 105.0 MPH)
|
|
Batting: RHB Alex Martinez
|
0-0: Called Strike 0-1: Ball 1-1: Fly out, F8 (Flyball, 8RM, EV 86.9 MPH)
|
| Bottom of the 3rd over - 0 runs, 1 hit, 0 errors, 1 left on base; Americus 0 - Palm Beach 0 |
| TOP OF THE 4TH |
|
Americus Braves batting - Pitching for Palm Beach Nationals : LHP Danny Juarez
|
|
Batting: RHB Scott Hansen
|
0-0: Called Strike 0-1: Foul Ball, location: 2F 0-2: Strikes out looking
|
|
Batting: RHB Wilson Salgado
|
0-0: Called Strike 0-1: Ball 1-1: Ball 2-1: Foul Ball, location: 2F 2-2: Foul Ball, location: 2F 2-2: Ball 3-2: Fly out, F8 (Flyball, 78S, EV 85.0 MPH)
|
|
Batting: RHB Jose Hurtado
|
0-0: Called Strike 0-1: Foul Ball, location: 2F 0-2: Ball 1-2: Strikes out looking
|
| Top of the 4th over - 0 runs, 0 hits, 0 errors, 0 left on base; Americus 0 - Palm Beach 0 |
| BOTTOM OF THE 4TH |
|
Palm Beach Nationals batting - Pitching for Americus Braves : RHP Alfredo Villamar
|
|
Batting: RHB Rudolph Lentz
|
0-0: Foul Ball, location: 2F 0-1: Ball 1-1: Ball 2-1: Foul Ball, location: 2F 2-2: Ball 3-2: Strikes out looking
|
|
Batting: RHB Kenny Ball
|
0-0: Ball 1-0: Fly out, F8 (Flyball, 8LD, EV 98.8 MPH)
|
|
Batting: RHB Jorge Torres
|
0-0: Called Strike 0-1: SOLO HOME RUN (Flyball, 7LD, EV 99.4 MPH), Distance : 398 ft
|
|
Batting: LHB Tony Olvera
|
0-0: Ball 1-0: Foul Ball, location: 2F 1-1: Fly out, F9 (Line Drive, 89M, EV 87.5 MPH)
|
| Bottom of the 4th over - 1 run, 1 hit, 0 errors, 0 left on base; Americus 0 - Palm Beach 1 |
| TOP OF THE 5TH |
|
Americus Braves batting - Pitching for Palm Beach Nationals : LHP Danny Juarez
|
|
Batting: RHB Juan Gonzalez
|
0-0: Fly out, F4 (Flyball, 34D, EV 90.0 MPH)
|
|
Batting: RHB Josh Maxwell
|
0-0: Called Strike 0-1: Fly out, F9 (Line Drive, 89D, EV 92.5 MPH)
|
|
Batting: RHB Juan Barela
|
0-0: Called Strike 0-1: Foul Ball, location: 2F 0-2: Strikes out swinging
|
| Top of the 5th over - 0 runs, 0 hits, 0 errors, 0 left on base; Americus 0 - Palm Beach 1 |
| BOTTOM OF THE 5TH |
|
Palm Beach Nationals batting - Pitching for Americus Braves : RHP Alfredo Villamar
|
|
Batting: LHB Dusty Jones
|
0-0: Called Strike 0-1: Called Strike 0-2: SINGLE (Flyball, 8LS, EV 93.8 MPH)
|
|
Batting: RHB Jess Thomas
|
0-0: Ball 1-0: Foul Ball, location: 2F 1-1: Called Strike 1-2: Strikes out swinging
|
|
Batting: RHB Franklin Ortega
|
0-0: Ball 1-0: Ball 2-0: Called Strike 2-1: Foul Ball, location: 2F 2-2: Strikes out swinging
|
|
Batting: RHB Victor Rojas
|
0-0: Ball Dusty Jones is caught stealing 2nd base 2-4
|
| Bottom of the 5th over - 0 runs, 1 hit, 0 errors, 0 left on base; Americus 0 - Palm Beach 1 |
| TOP OF THE 6TH |
|
Americus Braves batting - Pitching for Palm Beach Nationals : LHP Danny Juarez
|
|
Batting: RHB Chris Foss
|
0-0: Ball 1-0: Ball 2-0: Foul Ball, location: 2F 2-1: Called Strike 2-2: Foul Ball, location: 2F 2-2: Ball 3-2: Strikes out swinging
|
|
Batting: RHB Alex Guerra
|
0-0: Called Strike 0-1: Called Strike 0-2: Ball 1-2: Strikes out swinging
|
|
Batting: RHB Ryan Cole
|
0-0: Ball 1-0: Ball 2-0: Foul Ball, location: 2F 2-1: SINGLE (Groundball, 5S, EV 66.2 MPH) (infield hit)
|
|
Batting: RHB Scott Hansen
|
0-0: SINGLE (Line Drive, 4D, EV 96.9 MPH) Ryan Cole to second Runner from 2nd tries for 3rd, SAFE, no throw by CF
|
|
Batting: RHB Wilson Salgado
|
0-0: Called Strike 0-1: Fly out, F7 (Line Drive, 7, EV 109.4 MPH)
|
| Top of the 6th over - 0 runs, 2 hits, 0 errors, 2 left on base; Americus 0 - Palm Beach 1 |
| BOTTOM OF THE 6TH |
|
Palm Beach Nationals batting - Pitching for Americus Braves : RHP Alfredo Villamar
|
|
Batting: RHB Victor Rojas
|
0-0: Called Strike 0-1: Ball 1-1: SINGLE (Groundball, 56, EV 96.9 MPH) (infield hit)
|
|
Batting: RHB Alex Martinez
|
0-0: Called Strike 0-1: Ball 1-1: Ball 2-1: Foul Ball, location: 2F 2-2: Ball 3-2: Foul Ball, location: 2F 3-2: Foul Ball, location: 2F 3-2: Fly out, F8 (Flyball, 8LD, EV 83.8 MPH)
|
|
Batting: RHB Rudolph Lentz
|
0-0: Called Strike 0-1: Called Strike 0-2: Ball Victor Rojas steals 2nd, throwing error, E2 Victor Rojas to third 1-2: Ball 2-2: Strikes out looking
|
|
Batting: RHB Kenny Ball
|
0-0: Foul Ball, location: 2F 0-1: Ball 1-1: Swinging Strike 1-2: Strikes out swinging
|
| Bottom of the 6th over - 0 runs, 1 hit, 1 error, 1 left on base; Americus 0 - Palm Beach 1 |
| TOP OF THE 7TH |
|
Americus Braves batting - Pitching for Palm Beach Nationals : LHP Danny Juarez
|
|
Batting: RHB Jose Hurtado
|
0-0: Called Strike 0-1: Fly out, F8 (Line Drive, 8RM, EV 100.6 MPH)
|
|
Pitching: RHP Ramiro Ramirez
|
|
|
Batting: RHB Juan Gonzalez
|
0-0: Called Strike 0-1: Swinging Strike 0-2: Strikes out swinging
|
|
Batting: RHB Josh Maxwell
|
0-0: Ball 1-0: Ball 2-0: Ball 3-0: Base on Balls
|
|
Pinch Hitting: LHB Garret Mathis
|
0-0: Swinging Strike 0-1: Swinging Strike 0-2: Ball 1-2: Ball 2-2: Foul Ball, location: 2F 2-2: Strikes out looking
|
| Top of the 7th over - 0 runs, 0 hits, 0 errors, 1 left on base; Americus 0 - Palm Beach 1 |
| BOTTOM OF THE 7TH |
|
Palm Beach Nationals batting - Pitching for Americus Braves : RHP Alfredo Villamar
|
|
Now at SS: Garret Mathis
|
|
|
Batting: RHB Jorge Torres
|
0-0: Ball 1-0: Foul Ball, location: 2F 1-1: Foul Ball, location: 2F 1-2: Strikes out looking
|
|
Batting: LHB Tony Olvera
|
0-0: Called Strike 0-1: Ball 1-1: Ball 2-1: Foul Ball, location: 2F 2-2: Ball 3-2: Strikes out swinging
|
|
Batting: LHB Dusty Jones
|
0-0: Foul Ball, location: 2F 0-1: Ball 1-1: Fly out, F7 (Line Drive, 78M, EV 90.0 MPH)
|
| Bottom of the 7th over - 0 runs, 0 hits, 0 errors, 0 left on base; Americus 0 - Palm Beach 1 |
| TOP OF THE 8TH |
|
Americus Braves batting - Pitching for Palm Beach Nationals : RHP Ramiro Ramirez
|
|
Batting: RHB Chris Foss
|
0-0: Ball 1-0: Called Strike 1-1: Ball 2-1: DOUBLE (Flyball, 89XD, EV 91.2 MPH)
|
|
Pinch Runner at 2nd Ricardo Joya:
|
|
|
Pinch Hitting: RHB Bill Horne
|
0-0: Swinging Strike 0-1: Ball 1-1: Ball 2-1: Foul Ball, location: 2F 2-2: Foul Ball, location: 2F 2-2: Ball 3-2: Fly out, F3 (Popup, 34, EV 64.4 MPH)
|
|
Batting: RHB Ryan Cole
|
0-0: Foul Ball, location: 2F 0-1: Ball 1-1: Foul Ball, location: 2F 1-2: Ball 2-2: Foul Ball, location: 2F 2-2: Ball 3-2: Strikes out swinging
|
|
Batting: RHB Scott Hansen
|
0-0: Called Strike 0-1: Fly out, F8 (Flyball, 8RD, EV 91.2 MPH)
|
| Top of the 8th over - 0 runs, 1 hit, 0 errors, 1 left on base; Americus 0 - Palm Beach 1 |
| BOTTOM OF THE 8TH |
|
Palm Beach Nationals batting - Pitching for Americus Braves : RHP Alfredo Villamar
|
|
Now at C: Ricardo Joya
|
|
|
Now in RF: Bart Stevensdick
|
|
|
Batting: RHB Charlie Iacovone
|
0-0: Called Strike 0-1: Ball 1-1: Called Strike 1-2: Ball 2-2: Ball 3-2: Foul Ball, location: 2F 3-2: Foul Ball, location: 2F 3-2: Foul Ball, location: 2F 3-2: SINGLE (Groundball, 56S, EV 83.8 MPH) (infield hit)
|
|
Pitching: RHP Outa Tamura
|
|
|
Batting: RHB Franklin Ortega
|
0-0: Called Strike 0-1: Ball 1-1: Ball 2-1: Ball 3-1: Base on Balls Charlie Iacovone to second
|
|
Pinch Hitting: RHB Ryan Wright
|
0-0: Swinging Strike 0-1: Ball 1-1: Ball Wild Pitch! Charlie Iacovone to third Franklin Ortega to second 2-1: Intentional Walk
|
|
Pinch Hitting: RHB Ken Yeadon
|
0-0: Ball 1-0: Called Strike 1-1: Ball 2-1: Foul Ball, location: 2F 2-2: Reached on error, E8 (Flyball, 8LXD, EV 85.6 MPH) Charlie Iacovone scores Franklin Ortega scores Ryan Wright to third
|
|
Batting: RHB Rudolph Lentz
|
0-0: Intentional Walk
|
|
Batting: RHB Kenny Ball
|
0-0: Foul Ball, location: 2F 0-1: Swinging Strike 0-2: Ball 1-2: Ball 2-2: Ball 3-2: Fly out, F9 (Flyball, 9S, EV 78.8 MPH)
|
|
Pinch Hitting: RHB Qian Tai
|
0-0: Ball 1-0: Foul Ball, location: 2F 1-1: Swinging Strike 1-2: Ball 2-2: Strikes out swinging
|
|
Batting: LHB Tony Olvera
|
0-0: Fly out, F7 (Flyball, 7, EV 92.5 MPH)
|
| Bottom of the 8th over - 2 runs, 1 hit, 1 error, 3 left on base; Americus 0 - Palm Beach 3 |
| TOP OF THE 9TH |
|
Americus Braves batting - Pitching for Palm Beach Nationals : RHP Ramiro Ramirez
|
|
Pitching: RHP Cody Hadden
|
|
|
Now at 2B: Alex Gonzalez
|
|
|
Now at SS: Ivan Torres
|
|
|
Now in RF: Joe Simmelink
|
|
|
Batting: RHB Wilson Salgado
|
0-0: Swinging Strike 0-1: Ball 1-1: Ball 2-1: Fly out, F8 (Line Drive, 78M, EV 97.5 MPH)
|
|
Batting: RHB Jose Hurtado
|
0-0: Swinging Strike 0-1: Called Strike 0-2: Foul Ball, location: 2F 0-2: Strikes out swinging
|
|
Batting: RHB Juan Gonzalez
|
0-0: Called Strike 0-1: Ball 1-1: Foul Ball, location: 2F 1-2: Ball 2-2: Strikes out swinging
|
| Top of the 9th over - 0 runs, 0 hits, 0 errors, 0 left on base; Americus 0 - Palm Beach 3 |
|